 Dungeon Crawl Stone Soup version 0.29.0-4-gdea44cf6ec (webtiles) character file.

Game seed: 1583914395049247366

144 qw the Chopper (level 5, -4/33 HPs)
             Began as a Tengu Warper on Aug 28, 2022.
             Slain by Duvessa
             ... wielding a +0 rapier
              (6 damage)
             ... on level 4 of the Dungeon.
             The game lasted 00:00:18 (2508 turns).

qw the Chopper (Tengu Warper)                       Turns: 2508, Time: 00:00:18

Health: -4/33      AC: 10    Str: 13    XL:     5   Next: 26%
Magic:  9/9        EV:  7    Int: 14    God:
Gold:   284        SH:  0    Dex: 19    Spells: 8/8 levels left

rFire   . . .      SeeInvis .   Y - +1 hand axe
rCold   . . .      Faith    .   (no shield)
rNeg    . . .      Spirit   .   c - +0 chain mail
rPois   .          Reflect  .   (helmet restricted)
rElec   .          Harm     .   q - +0 cloak
rCorr   .          Rampage  .   o - +0 pair of gloves
Will    .....                   (boots unavailable)
Stlth   ..........              p - amulet of regeneration
HPRegen 0.91/turn               l - +6 ring of dexterity
MPRegen 0.11/turn               (no ring)

@: flying quickly and evasively, quick
A: beak, talons 3, nimble flight, robust 1
a: no special abilities


You were on level 4 of the Dungeon.
You visited 1 branch of the dungeon, and saw 4 of its levels.

You collected 284 gold pieces.


Innate Abilities, Weirdness & Mutations

You have a beak for a mouth.
You have claws for feet.
Your magical nature lets you fly swiftly and evasively.
You are robust. (+10% HP)


   Skills:
 - Level 2.0 Fighting
 + Level 5.5 Axes
 - Level 1.0 Throwing
 - Level 2.0 Armour
 - Level 2.1 Dodging
 - Level 2.0 Spellcasting
 - Level 2.4 Translocations


You had 8 spell levels left.
You didn't know any spells.
Your spell library contained the following spells:

 Spells                   Type           Power      Damage    Failure   Level
 Blink                    Tloc           16%        N/A       99%         2
 Gell's Gravitas          Tloc           8%         N/A       100%        3
 Lesser Beckoning         Tloc           8%         N/A       100%        3
 Teleport Other           Tloc           8%         N/A       100%        3
 Manifold Assault         Tloc           8%         N/A       100%        5

Inventory:

Hand Weapons
 k - a +0 mace
 Y - a +1 hand axe (weapon)
Missiles
 t - 2 boomerangs (quivered)
Armour
 c - a +0 chain mail (worn)
 o - a +0 pair of gloves (worn)
 q - a +0 cloak (worn)
Jewellery
 h - a ring of fire
 l - a +6 ring of dexterity (left hand)
 p - an amulet of regeneration (around neck)
 s - a ring of ice
Potions
 a - a potion of heal wounds {unknown}
 d - a potion of degeneration {unknown}
 g - 3 potions of curing
 i - a potion of mutation
 j - a potion of brilliance {unknown}

Dungeon Overview and Level Annotations

Branches:
Dungeon (4/15)
 Temple: D:4-7

Altars:
Vehumet

Annotations:
D:4 Dowan, Duvessa


Message History

Duvessa hits you with a +0 rapier! Dowan barely misses you.
There is an open door, spattered with blood here.
You completely miss Duvessa. Your kick misses Duvessa.
You peck Duvessa, but do no damage. You hit Dowan.
Duvessa hits you with a +0 rapier. Dowan hits you but does no damage.
A ball python comes into view.
2501 ||| Stepping ~*~*~tactically~*~*~ (stealth).
You barely miss Duvessa. Your kick misses Duvessa.
Duvessa completely misses you.
Dowan mumbles some strange words.
Dowan blinks!
You hit Duvessa but do no damage. Duvessa hits you with a +0 rapier!
A kobold comes into view.
It is wielding a +0 whip and quivering poisoned darts.
You hit Dowan. Your kick misses Dowan.
Dowan is moderately wounded.
You barely miss Duvessa. Duvessa hits you with a +0 rapier!
Dowan barely misses you.
You closely miss Dowan. Your kick misses Dowan.
Dowan is moderately wounded.
You hit Duvessa but do no damage. Duvessa hits you but does no damage.
Dowan says, "Stay away from my face!"
Dowan barely misses you.
You hit Dowan but do no damage.
Dowan is moderately wounded.
You hit Duvessa but do no damage. Duvessa hits you with a +0 rapier.
Dowan hits you with a +0 dagger.
An adder comes into view.
The adder hisses angrily.
You hit Dowan. You claw Dowan.
Dowan is heavily wounded.
You hit Duvessa but do no damage. Duvessa hits you with a +0 rapier.
Dowan hits you with a +0 dagger.
You closely miss Dowan. Your kick misses Dowan.
You peck Dowan, but do no damage.
Dowan is heavily wounded.
You hit Duvessa. Duvessa hits you with a +0 rapier.
You die...

...S# ### ....# ..
..K..# ## ###.. ....
#. +.# .###...
#.#######.#+#SK..#.##.
#.#<..#.....##...<....
#.....+.....##e##
##.##.#.....#.e@#
#..#####.#'#...#+#
##.'...'.#.......#
###...#####...###
#.......# +...+
#+#...#+# ##### #...#
##+##


You could see Duvessa, Dowan, an adder and a kobold.

Vanquished Creatures
  Ijyb (D:3)
  Robin (D:2)
  5 adders
  3 dart slugs (D:3)
  An orc (D:3)
  2 ball pythons
  4 endoplasms
  5 giant cockroaches
  10 goblins
  2 hobgoblins (D:2)
  2 jackals (D:1)
  5 kobolds
  A quokka (D:2)
  10 bats
  2 frilled lizards
  2 rats (D:3)
56 creatures vanquished.

Notes
Turn   | Place    | Note
-------+----------+-------------------------------------------
     0 | D:1      | qw the Tengu Warper began the quest for the Orb.
     0 | D:1      | Reached XP level 1. HP: 12/12 MP: 4/4
     0 | D:1      | 0 ||| qw: Version: 0.1-a-89-g26bdef1
     0 | D:1      | 0 ||| qw: Game counter: 3323
     0 | D:1      | 0 ||| qw: Always use a shield: true
     0 | D:1      | 0 ||| qw: God list: Okawaru
     0 | D:1      | 0 ||| qw: Allow faded altars: false
     0 | D:1      | 0 ||| qw: Do Orc after D:15 true
     0 | D:1      | 0 ||| qw: Do second Lair branch before Depths: true
     0 | D:1      | 0 ||| qw: Lair rune preference: random
     0 | D:1      | 0 ||| qw: Plans: Normal
     0 | D:1      | 0 ||| PLANNING D:1-11
    47 | D:1      | Found a faded altar of an unknown god.
   577 | D:1      | Reached skill level 3 in Axes
   577 | D:1      | Reached XP level 2. HP: 17/17 MP: 6/6
   588 | D:1      | 588 ||| UPGRADING to +0 pair of gloves.
   593 | D:1      | 593 ||| UPGRADING to amulet of regeneration.
   598 | D:1      | 598 ||| DROPPING ring of magical power.
   599 | D:1      | 599 ||| UPGRADING to +6 ring of dexterity.
   600 | D:1      | 600 ||| READING scroll labelled SYAWILAQIN.
   601 | D:1      | 601 ||| READING scroll labelled BIYHUNUTIRGH.
   702 | D:1      | 702 ||| READING scroll labelled GATZIM ZEUST.
   703 | D:1      | 703 ||| DRINKING 2 dark potions.
   704 | D:1      | 704 ||| DROPPING scroll of blinking.
   719 | D:2      | Found a radiant altar of Vehumet.
   747 | D:2      | Identified the +0 robe of Valiance {rElec Int+5}
   917 | D:2      | Reached XP level 3. HP: 21/21 MP: 7/7
  1224 | D:2      | Reached skill level 4 in Axes
  1371 | D:2      | 1371 ||| Stepping ~*~*~tactically~*~*~ (stealth).
  1373 | D:2      | 1373 ||| Stepping ~*~*~tactically~*~*~ (stealth).
  1375 | D:2      | 1375 ||| Stepping ~*~*~tactically~*~*~ (stealth).
  1378 | D:2      | Noticed Robin
  1379 | D:2      | 1379 ||| Stepping ~*~*~tactically~*~*~ (hiding).
  1393 | D:2      | Killed Robin
  1423 | D:2      | Reached XP level 4. HP: 26/26 MP: 8/8
  1593 | D:2      | 1593 ||| UPGRADING to +0 chain mail.
  1603 | D:2      | 1603 ||| DROPPING +0 leather armour.
  1604 | D:2      | 1604 ||| UPGRADING to +0 cloak.
  1609 | D:2      | 1609 ||| READING scroll labelled UFUATS PATZOEQ.
  1613 | D:2      | 1613 ||| READING scroll labelled ENIS REUPHUIPN.
  1614 | D:2      | 1614 ||| READING 3 scrolls labelled ULUETE TEUMNOC.
  1615 | D:2      | 1615 ||| READING scroll labelled MOLAAGH CUSEPIN.
  1616 | D:2      | 1616 ||| READING scroll labelled FONNEO SYTRESA.
  1617 | D:2      | 1617 ||| DRINKING 2 orange potions.
  1618 | D:2      | 1618 ||| DRINKING 2 green potions.
  1618 | D:2      | Gained mutation: You are robust. (+10% HP) [potion of
                  | mutation]
  1620 | D:2      | 1620 ||| DROPPING potion of flight.
  1621 | D:2      | 1621 ||| DROPPING 2 scrolls of magic mapping.
  1656 | D:3      | 1656 ||| Stepping ~*~*~tactically~*~*~ (stealth).
  1741 | D:3      | 1741 ||| Stepping ~*~*~tactically~*~*~ (hiding).
  1748 | D:3      | Reached skill level 5 in Axes
  1751 | D:3      | 1751 ||| Stepping ~*~*~tactically~*~*~ (stealth).
  1769 | D:3      | 1769 ||| Stepping ~*~*~tactically~*~*~ (hiding).
  1771 | D:3      | 1771 ||| Stepping ~*~*~tactically~*~*~ (hiding).
  1783 | D:3      | 1783 ||| Stepping ~*~*~tactically~*~*~ (hiding).
  1785 | D:3      | 1785 ||| Stepping ~*~*~tactically~*~*~ (hiding).
  1910 | D:3      | 1910 ||| Stepping ~*~*~tactically~*~*~ (stealth).
  1983 | D:3      | 1983 ||| Stepping ~*~*~tactically~*~*~ (stealth).
  2154 | D:3      | Gained mutation: Your magical nature lets you fly swiftly
                  | and evasively. [Tengu growth]
  2154 | D:3      | Reached XP level 5. HP: 33/33 MP: 9/9
  2228 | D:3      | Noticed Ijyb
  2243 | D:3      | Killed Ijyb
  2498 | D:4      | Noticed Duvessa
  2498 | D:4      | Noticed Dowan
  2501 | D:4      | 2501 ||| Stepping ~*~*~tactically~*~*~ (stealth).
  2506 | D:4      | HP: 5/33 [Dowan/+0 dagger (4)]
  2507 | D:4      | HP: 1/33 [Dowan/+0 dagger (2)]
  2508 | D:4      | Slain by Duvessa

Levels and vault maps discovered:
D:1:      lightli_arrival_farm, layout_basic,
          hellmonk_ecumenical_altar_dog_temple
D:2:      minmay_chambers_of_twos, layout_loops_ring, basic_altar, uniq_robin
D:3:      minmay_angry_zag, layout_loops_cross, uniq_ijyb
D:4:      nicolae_cairo_tiling_large, layout_basic, hangedman_minor_gate_pass,
          uniq_duvessa

Skill      XL: |  1  2  3  4 |
---------------+-------------+-----
Axes           | 3 4 5 |  5.5
Armour         | 2 |  2.0
Fighting       | |  2.0
Throwing       | |  1.0
Dodging        | |  2.1
Spellcasting   | |  2.0
Translocations | |  2.4

Action                   |  1- 3 |  4- 6 || total
-------------------------+-------+-------++-------
Melee: Hand axe          |    67 |    78 ||   145
       Kick              |    13 |    19 ||    32
       Peck              |    10 |    10 ||    20
       Punch             |     1 |     1 ||     2
Throw: Boomerang         |     7 |    29 ||    36
  Use: Scroll            |     3 |     5 ||     8
       Potion            |     1 |     2 ||     3
 Stab: Sleeping          |     1 |       ||     1
Armor: Leather armour    |    35 |     2 ||    37
       Chain mail        |       |    26 ||    26
Dodge: Dodged            |    33 |    22 ||    55

Table legend:
 A = Non-vault XP
 B = Vault XP
 C = Vault XP percentage of total XP
 D = Non-vault monster count
 E = Vault monster count
 F = Vault count percentage of total count
                 A         B        C        D         E       F
            +---------+---------+-------+---------+---------+-------
      Total |     108 |      98 |  47.6 |      35 |      21 |  37.5
            +---------+---------+-------+---------+---------+-------
        D:1 |       7 |       4 |  36.4 |       4 |       2 |  33.3
        D:2 |      44 |      52 |  54.2 |      12 |      16 |  57.1
        D:3 |      57 |      42 |  42.4 |      19 |       3 |  13.6
            +---------+---------+-------+---------+---------+-------
